 Dungeon Crawl Stone Soup version 0.21.1-1-g345015f (webtiles) character file.

462 Kagorn the Skirmisher (level 7, -1/44 HPs)
             Began as a Gargoyle Fighter on June 12, 2018.
             Was an Initiate of Makhleb.
             Slain by an ogre
             ... wielding a +0 giant club
              (19 damage)
             ... on level 4 of the Dungeon on June 13, 2018.
             The game lasted 00:19:18 (3101 turns).

Kagorn the Skirmisher (Gargoyle Fighter)            Turns: 3101, Time: 00:19:19

Health: -1/44      AC: 10    Str: 20    XL:     7   Next: 7%
Magic:  7/7        EV:  9    Int:  9    God:    Makhleb [......]
Gold:   198        SH:  9    Dex: 10    Spells: 6/6 levels left

rFire    . . .     SeeInvis .   a - +0 war axe
rCold    . . .     Gourm    .   c - +0 shield
rNeg     + . .     Faith    .   p - +0 ring mail
rPois    ∞         Spirit   .   (no helmet)
rElec    +         Reflect  .   (no cloak)
rCorr    .         Harm     .   (no gloves)
MR       .....                  (no boots)
Stlth    +.........             (no amulet)
HPRegen  0.14/turn              (no ring)
MPRegen  0.10/turn              (no ring)

@: no status effects
A: negative energy resistance 1, electricity resistance, unbreathing,
petrification resistance, rot immunity, AC +4
a: Renounce Religion


You were on level 4 of the Dungeon.
You worshipped Makhleb.
Makhleb was noncommittal.
You were not hungry.

You visited 1 branch of the dungeon, and saw 4 of its levels.

You collected 198 gold pieces.

Inventory:

Hand Weapons
 a - a +0 war axe (weapon)
Armour
 b - a +0 scale mail
 c - a +0 shield (worn)
 p - a +0 ring mail (worn)
Scrolls
 d - a scroll of blinking {unknown}
 e - 3 scrolls of remove curse {unknown}
 g - 2 scrolls of fog {unknown}
 i - a scroll of random uselessness {unknown}
 k - a scroll of enchant weapon {unknown}
 l - a scroll of noise {unknown}
 m - a scroll of fear {unknown}
 n - 2 scrolls of amnesia {unknown}
 o - 2 scrolls of magic mapping {unknown}
 r - 3 scrolls of identify {unknown}
Potions
 h - 2 potions of cancellation {unknown}
 j - a potion of flight {unknown}
 q - a potion of heal wounds {unknown}
 t - a potion of curing {unknown}
 u - a potion of haste {unknown}
Books
 s - a book of Minor Magic

   Spells                             Type                      Level
   a - Magic Dart                     Conjuration                  1
   b - Blink                          Translocation                2
   c - Call Imp                       Summoning                    2
   d - Slow                           Hexes                        2
   e - Conjure Flame                  Conjuration/Fire             3
   f - Mephitic Cloud                 Conjuration/Poison/Air       3
Comestibles
 f - 5 rations


   Skills:
 * Level 5.1 Fighting
 * Level 3.7 Axes
 + Level 4.2 Armour
 + Level 1.6 Dodging
 + Level 2.6 Stealth
 + Level 4.2 Shields


You had 6 spell levels left.
You didn't know any spells.

Dungeon Overview and Level Annotations

Branches:
Dungeon (4/15)
 Temple: D:4-7

Altars:
Makhleb
Zin
The Shining One


Innate Abilities, Weirdness & Mutations

You are resistant to torment.
Your stone body is resilient. (AC +4)
You are immune to poison.
You resist negative energy. (rN+)
You are resistant to electric shocks. (rElec)
You can survive without breathing.
You are immune to petrification.
You are immune to rotting.


Message History

You block the howler monkey's attack.
You barely miss the howler monkey.
The howler monkey hoots and howls with incredible vigour!
You closely miss the howler monkey. You slash the ogre!
You block the howler monkey's attack. x2; The ogre hits you with a giant club!
You hit the howler monkey.
The howler monkey is moderately wounded.
You barely miss the ogre. The howler monkey hits you.
The ogre barely misses you. You block the howler monkey's attack.
You slash the howler monkey!
The howler monkey is severely wounded.
You hit the ogre. You block the howler monkey's attack.
The ogre completely misses you.
The howler monkey hits you but does no damage.
You closely miss the howler monkey.
The howler monkey is severely wounded.
You slash the ogre!
The howler monkey hits you but does no damage.
The ogre hits you with a giant club!!
You die...

... #..........
.. #......... .
#....... #
#......# .....#
#...# #...# #
##hO# ## #.@.#
.## ##...# ..###
######..###
..).#####...#..##
..............##
.#.###'###...##
...# #.# #..##
...###.###..#
...###_..'..#


You could see an ogre and a howler monkey.

Vanquished Creatures
  The ghost of appiemonkey the Slasher, an amateur MiGl (D:3)
  A scorpion (D:4)
  3 orc wizards
  2 orc priests (D:3)
  A worker ant (D:3)
  A gnoll (D:1)
  6 adders
  An ooze (D:1)
  A leopard gecko (D:3)
  15 orcs
  A giant cockroach (D:1)
  6 goblins
  9 hobgoblins
  3 jackals (D:1)
  3 quokkas (D:3)
  10 bats
  5 frilled lizards
  8 kobolds
  5 rats
  2 bushes (D:3)
  3 plants (D:3)
87 creatures vanquished.

Notes
Turn   | Place    | Note
-------+----------+-------------------------------------------
     0 | D:1      | Kagorn the Gargoyle Fighter began the quest for the Orb.
     0 | D:1      | Reached XP level 1. HP: 14/14 MP: 1/1
    56 | D:1      | Reached XP level 2. HP: 19/19 MP: 2/2
   345 | D:1      | Reached XP level 3. HP: 21/23 MP: 3/3
   674 | D:1      | Reached skill level 1 in Stealth
  1068 | D:2      | Reached XP level 4. HP: 28/29 MP: 4/4
  1225 | D:2      | Found a glowing golden altar of the Shining One.
  1680 | D:3      | Reached skill level 4 in Fighting
  1695 | D:3      | Noticed appiemonkey's ghost (amateur MiGl)
  1763 | D:3      | Reached skill level 1 in Dodging
  1763 | D:3      | Reached XP level 5. HP: 33/33 MP: 5/5
  2186 | D:3      | Killed appiemonkey's ghost
  2186 | D:3      | Reached XP level 6. HP: 19/39 MP: 6/6
  2726 | D:3      | Found a glowing silver altar of Zin.
  3037 | D:4      | Found a burning altar of Makhleb.
  3059 | D:4      | Reached skill level 5 in Fighting
  3059 | D:4      | Reached XP level 7. HP: 29/44 MP: 7/7
  3078 | D:4      | Became a worshipper of Makhleb the Destroyer
  3101 | D:4      | Slain by an ogre

Skill      XL: |  1  2  3  4  5  6 |
---------------+-------------------+-----
Axes           | 2 3 |  3.7
Stealth        | 1 2 |  2.6
Fighting       | 4 5 |  5.1
Dodging        | 1 |  1.6
Shields        | 4 |  4.2
Armour         | 4 |  4.2

Action                   |  1- 3 |  4- 6 |  7- 9 || total
-------------------------+-------+-------+-------++-------
Melee: War axe           |   141 |   272 |     6 ||   419
  Use: Potion            |       |     3 |       ||     3
 Stab: Sleeping          |       |     2 |       ||     2
  Eat: Chunk             |       |     3 |       ||     3
       Ration            |       |     2 |       ||     2
Armor: Scale mail        |   107 |       |       ||   107
       Ring mail         |       |    65 |     3 ||    68
Dodge: Dodged            |    73 |    64 |     2 ||   139
Block: Shield            |   123 |    98 |     5 ||   226
